 Dungeon Crawl Stone Soup version 0.27-a0-1332-g84bddb5ca7 (webtiles) character file.

Game seed: 17018590498718038685

52 Brandom the Sneak (level 3, 0/31 HPs)
             Began as a Demigod Delver on June 26, 2021.
             Succumbed to an adder's poison
             ... on level 2 of the Dungeon.
             The game lasted 00:02:04 (280 turns).

Brandom the Sneak (Demigod Delver)                   Turns: 280, Time: 00:02:05

Health: 0/31       AC:  3    Str: 17    XL:     3   Next: 39%
Magic:  5/5        EV: 12    Int: 12    God:
Gold:   5          SH:  0    Dex: 15    Spells: 2/2 levels left

rFire    . . .     SeeInvis .   a - +0 falchion
rCold    . . .     Faith    .   (no shield)
rNeg     . . .     Spirit   .   b - +0 leather armour
rPois    .         Reflect  .   (no helmet)
rElec    .         Harm     .   (no cloak)
rCorr    .         Rampage  .   (no gloves)
Will     .....                  (no boots)
Stlth    +++.......             (no amulet)
HPRegen  0.10/turn              (no ring)
MPRegen  0.09/turn              (no ring)

@: lethally poisoned (0 -> -7)
A: high mp 1, forlorn
a: no special abilities


You were on level 2 of the Dungeon.
You visited 1 branch of the dungeon, and saw 4 of its levels.

You collected 5 gold pieces.

Inventory:

Hand Weapons
 a - a +0 falchion (weapon)
Armour
 b - a +0 leather armour (worn)
Wands
 v - a wand of digging (3)
Scrolls
 c - a scroll of fog
 d - a scroll of magic mapping
 e - a scroll of fear
Potions
 f - a potion of haste {@q3}


   Skills:
 * Level 3.2 Fighting
 * Level 2.5 Long Blades
 + Level 1.1 Armour
 + Level 2.1 Dodging
 - Level 4.5 Stealth


You had 2 spell levels left.
You didn't know any spells.
Your spell library was empty.

Dungeon Overview and Level Annotations

Branches:
Dungeon (5/15)
 Temple: D:4-7


Innate Abilities, Weirdness & Mutations

Your attributes grow dramatically as you level up.
You have an increased reservoir of magic. (+10% MP)
You shall have no god before yourself.


Message History

There is an escape hatch in the ceiling here.
You start resting.
Really go through this one-way escape hatch?
A mysterious force pulls you upwards. The hatch slams shut behind you.
An adder, a giant cockroach and a hobgoblin come into view.
The adder hisses angrily.
The hobgoblin shouts!
Found a mace.
Found a stone staircase leading down.
A bat comes into view.
The giant cockroach bites you but does no damage.
The hobgoblin barely misses you.
The bat moves out of view.
The giant cockroach barely misses you. The giant cockroach bites you.
You completely miss the adder. The adder bites you.
You are poisoned.
The adder poisons you! The giant cockroach bites you.
The hobgoblin closely misses you.
You hit the adder.
You feel sick. The adder barely misses you.
The giant cockroach barely misses you.
You riposte.
You hit the giant cockroach.
You kill the giant cockroach!
The adder misses you. The hobgoblin barely misses you.
You hit the adder.
You feel sick. The adder completely misses you.
You riposte.
You hit the adder. The hobgoblin hits you.
The adder bites you but does no damage.
You closely miss the adder.
You feel sick. The hobgoblin misses you.
The adder bites you but does no damage.
You hit the adder but do no damage.
You feel sick. The adder misses you. The hobgoblin closely misses you.
The adder misses you.
You closely miss the adder.
You feel sick.
You are no longer poisoned.
The hobgoblin hits you.
* * * LOW HITPOINT WARNING * * *
The adder misses you.
You riposte.
You hit the adder. The hobgoblin barely misses you.
You miss the adder. The adder bites you.
* * * LOW HITPOINT WARNING * * *
You are poisoned.
The adder poisons you! The hobgoblin misses you. The adder bites you.
* * * LOW HITPOINT WARNING * * *
You closely miss the adder.
You feel sick. The adder bites you.
* * * LOW HITPOINT WARNING * * *
You are lethally poisoned!
The adder poisons you!
The hobgoblin hits you but does no damage.
Okay, then.
You hit the adder.
You kill the adder!
* * * LOW HITPOINT WARNING * * *
You feel very sick. The hobgoblin closely misses you.
You riposte.
You barely miss the hobgoblin.
You die...

########
##...g..##
#....@†..#
#..........#
#...)......#
#......b...#
#......>...#
#..........#
##..........
#........#.#


You could see a hobgoblin and a bat.

Vanquished Creatures
  A howler monkey (D:4)
  An adder (D:2)
  A giant cockroach (D:2)
  2 hobgoblins (D:3)
  3 jackals (D:3)
  A frilled lizard (D:3)
9 creatures vanquished.

Notes
Turn   | Place    | Note
-------+----------+-------------------------------------------
     0 | D:5      | Brandom the Demigod Delver began the quest for the Orb.
     0 | D:5      | Reached XP level 1. HP: 18/18 MP: 3/3
     6 | D:4      | Noticed a howler monkey
    17 | D:4      | Killed a howler monkey
    18 | D:4      | Reached XP level 2. HP: 17/26 MP: 4/4
    18 | D:4      | Reached XP level 3. HP: 20/31 MP: 5/5
   229 | D:3      | Reached skill level 1 in Armour
   280 | D:2      | Succumbed to an adder's poison

Illustrated notes

Levels and vault maps discovered:
D:2:      layout_rooms, kennysheep_path_1, uniq_crazy_yiuf_cottage, uniq_sigmund
D:3:      layout_basic, lemuel_crystal_altar, uniq_robin
D:4:      layout_loops_ring, yredelemnul_forgotten_temple_becter,
          nicolae_dithmenos_shadow_blocks, ebering_dispersal_statue_hall
D:5:      layout_basic, temple_garden, lightli_ossuary_entry_decrepit_ruins

Skill      XL: |  1  2  3 |
---------------+----------+-----
Fighting       | 3 |  3.2
Long Blades    | 2 |  2.5
Dodging        | 2 |  2.1
Armour         | 1 |  1.1
Stealth        | |  4.5

Action                   || total
-------------------------++-------
Melee: Falchion          ||    40
 Stab: Sleeping          ||     1
Armor: Leather armour    ||     6
Dodge: Dodged            ||    44
       Rpst.: Falchion   ||    13

Table legend: (Time is in decaauts)
 A = Elapsed time spent in this place.
 B = Non-inter-level travel time spent in this place.
 C = Inter-level travel time spent in this place.
 D = Time resting spent in this place.
 E = Time spent auto-exploring this place.
 F = Levels seen in this place.
 G = Mean time per level.
                   A        B        C        D        E       F      G
               +--------+--------+--------+--------+--------+-----+--------+
         Total |    287 |    287 |      0 |     23 |    169 |   4 |   71.8 |
       Dungeon |    287 |    287 |      0 |     23 |    169 |   4 |   71.8 |
               +--------+--------+--------+--------+--------+-----+--------+

Top non-repeatable levels by time:
     D:3: 136 daAuts
     D:4: 129 daAuts
     D:2: 15 daAuts
     D:5: 6 daAuts
